 Dungeon Crawl Stone Soup version 0.26.1-2-gb8aa6d0cf2 (webtiles) character file.

Game seed: 2544719787710153310

80 Amaterasu the Skirmisher (level 4, 0/50 HPs)
             Began as an Ogre Monk on Feb 10, 2021.
             Slain by a gnoll
             ... wielding a +0 spear
              (9 damage)
             ... on level 2 of the Dungeon.
             The game lasted 00:02:28 (2803 turns).

Amaterasu the Skirmisher (Ogre Monk)                Turns: 2803, Time: 00:02:28

Health: 0/50       AC:  3    Str: 16    XL:     4   Next: 39%
Magic:  4/4        EV: 10    Int: 11    God:
Gold:   143        SH:  0    Dex: 11    Spells: 3/3 levels left

rFire    . . .     SeeInvis .   c - +0 flail
rCold    . . .     Faith    .   (no shield)
rNeg     . . .     Spirit   .   b - +0 robe
rPois    .         Reflect  .   (helmet restricted)
rElec    .         Harm     .   (no cloak)
rCorr    .         Rampage  .   (gloves unavailable)
Will     .....                  (boots unavailable)
Stlth    ++........             (no amulet)
HPRegen  0.16/turn              (no ring)
MPRegen  0.09/turn              (no ring)

@: no status effects
A: large, unfitting armour, tough skin 1
a: no special abilities


You were on level 2 of the Dungeon.
You visited 1 branch of the dungeon, and saw 3 of its levels.

You collected 143 gold pieces.

Inventory:

Hand Weapons
 c - a +0 flail (weapon)
Missiles
 h - 16 poisoned darts (quivered)
Armour
 b - a +0 robe (worn)
Scrolls
 e - a scroll of amnesia
 g - 2 scrolls of teleportation
 k - a scroll of identify
Potions
 d - a potion of heal wounds
 f - a potion of cancellation
 i - a potion of might


   Skills:
 * Level 5.2 Fighting
 * Level 4.0 Maces & Flails
 - Level 2.6 Dodging
 - Level 1.4 Stealth


You had 3 spell levels left.
You didn't know any spells.
Your spell library was empty.

Dungeon Overview and Level Annotations

Branches:
Dungeon (3/15)

Altars:


Innate Abilities, Weirdness & Mutations

You are too large for most types of armour.
You have tough skin. (AC +1)


Message History

A gnoll is nearby!
A gnoll comes into view. It is wielding a +0 spear.
The gnoll shouts!
A gnoll comes into view. It is wielding a +0 spear.
There is a stone staircase leading up here.
You see here a potion of degeneration.
The gnoll hits you from afar with a +0 spear.
The gnoll hits you with a +0 spear. The gnoll barely misses you.
There is a stone staircase leading up here.
You see here a potion of degeneration.
The gnoll hits you with a +0 spear! The gnoll hits you with a +0 flail.
You climb upwards.
There is a stone staircase leading down here.
You barely miss the gnoll. The gnoll hits you with a +0 spear.
The gnoll hits you with a +0 flail!
You barely miss the gnoll. The gnoll hits you but does no damage.
The gnoll hits you with a +0 flail!
* * * LOW HITPOINT WARNING * * *
The gnoll hits you with a +0 spear!
You die...

#.#.# #.# ######.######
#.#.# #######.# #.# #.#.#
#.......# #.# #.#.#
#.#####.#########.#
#.#.###.####............#
#.............###########
###.###.####.##
#.###.####.##
#..........@#
#####.####gg# # #.# #..# #
#.# #..# # #.# #..# # #.#
#..############# #
###.####..............####
#.........###########.....
#.#.###............#######


You could see 2 gnolls.

Vanquished Creatures
  3 adders (D:2)
  An ooze (D:1)
  2 worms (D:2)
  A dart slug (D:1)
  A leopard gecko (D:2)
  2 orcs (D:3)
  A giant cockroach (D:2)
  5 goblins
  5 hobgoblins
  2 jackals (D:1)
  A ball python (D:1)
  6 bats
  2 frilled lizards
  5 kobolds
  5 rats
42 creatures vanquished.

Vanquished Creatures (others)
  7 toadstools (D:1)
7 creatures vanquished.

Grand Total: 49 creatures vanquished

Notes
Turn   | Place    | Note
-------+----------+-------------------------------------------
     0 | D:1      | Amaterasu the Ogre Monk began the quest for the Orb.
     0 | D:1      | Reached XP level 1. HP: 24/24 MP: 1/1
   328 | D:1      | Reached XP level 2. HP: 27/33 MP: 2/2
  1138 | D:2      | Reached XP level 3. HP: 40/40 MP: 3/3
  1476 | D:2      | Reached skill level 5 in Fighting
  1564 | D:2      | Reached XP level 4. HP: 32/50 MP: 4/4
  2803 | D:2      | Slain by a gnoll

Illustrated notes

Levels and vault maps discovered:
D:1:      nagdon_arrival_zigzag_paths, layout_basic, serial_forest,
          infiniplex_forest_clump_C, infiniplex_forest_straight_4,
          infiniplex_forest_end_2, infiniplex_forest_clump_medium,
          infiniplex_forest_clump_medium
D:2:      layout_loops_ring, minmay_puff
D:3:      minmay_evil_eye, layout_loops_ring, nicolae_gozag_seed_capital,
          uniq_crazy_yiuf_cottage

Skill      XL: |  1  2  3  4 |
---------------+-------------+-----
Maces & Flails | 3 4 |  4.0
Fighting       | 5 |  5.2
Dodging        | |  2.6
Stealth        | |  1.4

Action                   |  1- 3 |  4- 6 || total
-------------------------+-------+-------++-------
Melee: Mace              |   103 |    44 ||   147
       Flail             |       |     9 ||     9
  Use: Scroll            |     6 |     4 ||    10
 Stab: Sleeping          |     3 |     1 ||     4
Armor: Robe              |    31 |    18 ||    49
Dodge: Dodged            |    70 |    29 ||    99
